 BcadrenCrawl: Boulder Brew version 0.03.2.1-54-g1668231259 (webtiles) character file.

Game seed: 10749355730386493664, levelgen mode: deterministic

3713 esc the Quickloader (level 10, -16/79 HPs) Formicid Noble. Began on Jan 31, 2021. Was an Initiate of Gozag Ym Sagoz. Killed by the air ... invoked by Gastronok (25 damage) ... on level 4 of the Dungeon. The game lasted 00:12:11 (3048 turns).

esc the Quickloader (Formicid Noble)                Turns: 3048, Time: 00:12:12

Health: -16/79     AC: 14    Str: 18    XL:     10 ^: 2454
Magic:  11/11      EV:  8    Int: 10    God:    Gozag Ym Sagoz
Gold:   164        SH:  8    Dex: 19    Spells: 11/11 levels left

rFire    . . .     Vision   +   c - +0 triple crossbow (velocity)
rCold    . . .     Gourm    .   u - +0 heater shield
rNeg     . . .     Faith    .   f - +0 troll leather {Purgy}
rPois    .         Spirit   .   (helmet unavailable)
rElec    .         Reflect  .   s - +0 cloak
rCorr    .         Harm     .   d - +0 pair of gloves {archery}
MR       +....                  i - +0 pair of boots
Stlth    ++........             (no amulet)
HPRegen  0.76/turn              e - ring of dexterity
MPRegen  0.21/turn              r - ring of protection

@: no status effects
A: permanent stasis, dig shafts and tunnels, four strong arms, antennae 3
a: Dig, Shaft Self, Potion Petition, Call Merchant, Bribe Branch, Renounce
Religion


You were on level 4 of the Dungeon.
You worshipped Gozag Ym Sagoz.
Gozag Ym Sagoz was aware of your devotion.
You were not hungry.

You visited 2 branches of the dungeon, and saw 5 of its levels.
You also visited: Market.

You collected 193 gold pieces.
You spent 959 gold pieces at shops.
You paid 70 gold pieces to Gozag.

Inventory:

Weapons
 c - a +0 triple crossbow of velocity (weapon) Shields
 k - a +0 sai of caustic ooze
 u - a +0 heater shield (shield)
Armour
 d - a +0 pair of gloves of archery (worn)
 f - a +0 troll leather (worn) {Purgy}
 i - a +0 pair of boots (worn)
 s - a +0 cloak (worn)
Jewellery
 e - a ring of dexterity (left hand)
 h - an uncursed ring of protection from magic
 l - an uncursed ring of ice
 n - an uncursed ring of strength
 r - a ring of protection (right hand)
Wands
 a - a wand of iceblast (12)
 o - a wand of scattershot (2)
Scrolls
 g - 2 scrolls of magic mapping
 j - a scroll of amnesia
Potions
 m - a potion of agility
 q - 2 potions of curing
 t - 2 potions of heal wounds
 v - a potion of mutation
Comestibles
 b - 7 rations


   Skills:
 + Level 7.5 Fighting
 + Level 10.3 Crossbows
 + Level 7.3 Armour
 - Level 1.2 Stealth
 - Level 1.1 Spellcasting


You had 11 spell levels left.
You didn't know any spells.
Your spell library contained the following spells:

 Spells                   Type           Power        Failure   Level  Hunger
 Corpse Rot               Tmut/Necr      N/A          98%         2    ###....
 Stone Arrow              Erth           0 (50)       100%        3    ####...
 Summon Forest            Summ/Erth      0 (200)      100%        5    ######.
 Eringya's Noxious Bog    Tmut/Pois      0 (200)      100%        6    #######
 Summon Hydra Mount       Summ           0 (200)      100%        6    #######


Dungeon Overview and Level Annotations

Branches:
Dungeon (4/8)              Temple (1/1) D:4

Altars:
Ashenzari
Dithmenos
Fedhas Madash
Gozag Ym Sagoz
Makhleb
Nemelex Xobeh
Okawaru
Qazlal
Ru
Sif Muna
Trog
Uskayaw
Vehumet
Wu Jian
Xom
Yredelemnul

Annotations:
D:4 Gastronok, Joseph


Innate Abilities, Weirdness & Mutations

You cannot be hasted, slowed, berserked, paralysed or teleported.
You can dig through walls and to a lower floor.
Your four strong arms can wield two-handed weapons with a shield.
You have a pair of large antennae on your head. (+Vis)


Message History

You shoot a triplet of bolts.
Gastronok blocks the triplet of bolts.
You block the sewer rat's attack.
The rat twitches its whiskers.
Gastronok waves his eye-stalks in wide circles.
The air twists around and strikes you (5).
The sewer rat bites you (5).
Aiming:
c - a +0 triple crossbow of velocity, Range: 4 (100%)
Press: ? - help, Shift-Dir - straight line, f/p - Gastronok
Aim: Gastronok, wearing a +1 hat (almost dead (23/166))
You shoot a triplet of bolts.
Gastronok blocks the triplet of bolts.
You hear an angry buzzing noise.
The sewer rat closely misses you (0).
Gastronok waves his eye-stalks in wide circles.
The air twists around and strikes you (34)!!
* * * LOW HITPOINT WARNING * * *
The sewer rat closely misses you (0).
Gastronok waves his eye-stalks in wide circles.
The air twists around and strikes you (25)!!
You die...
Your body crumbles into a pile of gold.

#........## #.#...#...# $.....
#..#.#....###..$.... $
#...>........ .$... #..#.#....##
.... ###.#...#.#..# <.. { .#
..........#. # ##.######..
..........#..###.......$..
.....)...##.....@........
.........##..###.r....##
÷........# ..#rr....#####
..[.[....#####.#..........#
.....÷..).....)#......#######
........÷####.......w.......#####
#........######........####. #...
#.....)....####.#)..##$# #.#...
##########.##...######$# #...<.


You could see Gastronok, 2 sewer rats and a rat.

Vanquished Creatures
  Erica (D:4)
  A queen bee (D:4)
  Purgy (D:2)
  3 orc warriors (D:4)
  A phantom (D:4)
  A porcupine (D:3)
  A water moccasin (D:2)
  A scorpion (D:4)
  Ijyb (D:2)
  An ogre (D:3)
  3 big kobolds (D:2)
  3 bullfrogs
  A harpy zombie (D:4)
  9 killer bees (D:4)
  An orc priest (D:4)
  A hound (D:3)
  8 jellies
  2 worker ants (D:3)
  An iguana (D:3)
  A wyvern skeleton (D:4)
  5 giant cockroaches
  3 bullfrog skeletons
  4 gnolls (D:3)
  A shadow imp (D:3)
  6 adders
  20 sewer rats (D:2)
  A white imp (D:3)
  11 cinder newts
  4 worms
  A howler monkey skeleton (D:3)
  2 oozes
  3 dart slugs (D:1)
  2 gnoll zombies (D:2)
  5 leopard geckos
  17 orcs
  5 adder skeletons
  4 bats
  A cinder newt skeleton (D:2)
  5 goblins (D:1)
  5 hobgoblins (D:1)
  17 kobolds
  A quokka (D:3)
  9 ball pythons (D:2)
  A bat skeleton (D:2)
  2 jackal skeletons
  A quokka skeleton (D:3)
  7 rats (D:1)
  A rat skeleton (D:2)
  3 slimeheads (D:2)
  20 withered plants (D:2)
209 creatures vanquished.

Vanquished Creatures (others)
  A giant cockroach (D:2)
  A sewer rat (D:2)
  A leopard gecko (D:2)
  2 ball pythons (D:2)
  3 giant blowflies (D:2)
  A slimehead (D:2)
  51 withered plants (D:2)
60 creatures vanquished.

Grand Total: 269 creatures vanquished

Notes
Turn   | Place    | Note
-------+----------+-------------------------------------------
     0 | Start Ma | esc the Formicid Noble began the quest for the Orb.
     0 | Start Ma | Reached XP level 1. HP: 15/15 MP: 2/2
     0 | Start Ma | Found Pepoebav's Expert Tomes.
     3 | Start Ma | Found Giuthruf's Auxillary Armour.
     6 | Start Ma | Bought a +0 triple crossbow for 400 gold pieces
    12 | Start Ma | Bought a +0 pair of gloves of archery for 230 gold pieces
    18 | Start Ma | Found Tiomuf's Mashing MeleeMart.
    28 | Start Ma | Bought an uncursed ring of dexterity for 329 gold pieces
    36 | D:1      | esc set off with the following items: a +0 robe, a ration,
                  | a +0 triple crossbow, a +0 pair of gloves of archery, a
                  | ring of dexterity
    40 | D:1      | Reached skill level 1 in Crossbows
    40 | D:1      | Reached XP level 2. HP: 21/21 MP: 3/3
    69 | D:1      | Reached skill level 2 in Crossbows
    76 | D:1      | Reached XP level 3. HP: 26/26 MP: 4/4
   132 | D:1      | Reached skill level 3 in Crossbows
   221 | D:1      | Reached XP level 4. HP: 32/32 MP: 5/5
   391 | D:1      | Reached skill level 4 in Crossbows
   436 | D:1      | Reached XP level 5. HP: 37/37 MP: 6/6
   810 | D:2      | Reached skill level 5 in Crossbows
   810 | D:2      | Reached XP level 6. HP: 43/43 MP: 7/7
   868 | D:2      | Reached skill level 6 in Crossbows
   964 | D:2      | Found a shattered altar of Ashenzari.
  1017 | D:2      | Reached XP level 7. HP: 48/48 MP: 8/8
  1305 | D:2      | Reached skill level 7 in Crossbows
  1307 | D:2      | Noticed Purgy
  1312 | D:2      | Killed Purgy
  1378 | D:2      | Reached skill level 8 in Crossbows
  1378 | D:2      | Reached skill level 1 in Armour
  1378 | D:2      | Reached XP level 8. HP: 56/56 MP: 9/9
  1424 | D:2      | Found a basalt altar of Yredelemnul.
  1668 | D:2      | Found a shadowy altar of Dithmenos.
  1767 | D:2      | Noticed Ijyb
  1770 | D:2      | Killed Ijyb
  2009 | D:2      | Found a blossoming altar of Fedhas.
  2108 | D:3      | Reached XP level 9. HP: 65/65 MP: 10/10
  2411 | D:3      | Found a sacrificial altar of Ru.
  2547 | D:3      | Reached skill level 9 in Crossbows
  2605 | D:4      | Noticed Joseph
  2605 | D:4      | Noticed Gastronok
  2606 | D:4      | Reached skill level 5 in Fighting
  2607 | D:4      | Reached skill level 5 in Armour
  2641 | D:4      | Found a staircase to the Ecumenical Temple.
  2659 | Temple   | Entered the Ecumenical Temple
  2899 | Temple   | Became a worshipper of Gozag Ym Sagoz the Greedy
  3018 | D:4      | Noticed a queen bee
  3024 | D:4      | Killed a queen bee
  3024 | D:4      | Reached XP level 10. HP: 63/77 MP: 11/11
  3033 | D:4      | Noticed Erica
  3035 | D:4      | Killed Erica
  3035 | D:4      | Reached skill level 10 in Crossbows
  3048 | D:4      | Killed from afar by Gastronok

Levels and vault maps discovered:
D:1:      lightli_arrival_boilingwater, layout_basic, small_statue_intersection,
          minmay_crystal_room
D:2:      layout_sewer, lemuel_zombie_altar_yredelemnul, marbit_many_paths,
          nicolae_ashenzari_panopticon, first_ration,
          nicolae_dithmenos_shadow_blocks, uniq_purgy, uniq_ijyb
D:3:      lemuel_ice_spiral_2, layout_rooms, nicolae_overflow_crystal_walls
D:4:      ossuary_due_mausoleum, layout_rooms, minmay_temple_entry_crystal_x,
          serial_shops, kennysheep_mini_moat, nicolae_ossuary_entry_plus,
          david_nohive_1, kennysheep_generic_room_10, uniq_joseph, uniq_erica,
          uniq_crazy_yiuf_cottage, uniq_gastronok
Temple:   minmay_temple_curvy_loop

Skill      XL: |  1  2  3  4  5  6  7  8  9 10 |
---------------+-------------------------------+-----
Crossbows      | 1 2 3 4 5 6 8 9 10 | 10.3
Fighting       | 2 4 6 7 |  7.5
Armour         | 1 3 6 7 |  7.3
Stealth        | |  1.2
Spellcasting   | |  1.1

Action                   |  1- 3 |  4- 6 |  7- 9 | 10-12 || total
-------------------------+-------+-------+-------+-------++-------
Melee: Unarmed           |       |       |     9 |       ||     9
       Sai               |       |       |     1 |       ||     1
 Fire: Triple crossbow   |    22 |    54 |   151 |    14 ||   241
  Use: Scroll            |       |     1 |     1 |       ||     2
  Eat: Chunk             |       |       |     7 |       ||     7
Armor: Robe              |       |    17 |     8 |       ||    25
       Troll leather     |       |       |    14 |     1 ||    15
Dodge: Dodged            |     1 |    34 |     9 |     6 ||    50
Block: Sai               |       |     6 |     3 |       ||     9
       Heater shield     |       |       |     4 |     3 ||     7
